RL
SANTA MONICA TROPICAL FISH @ ALBANY CHIEFS
06/28/2063
 
TOP OF THE 1ST
Santa Monica Tropical Fish batting - Pitching for Albany Chiefs : LHP James Churchill
Pitching: LHP James Churchill
Batting: RHB Rick McGivney 0-0: Foul Ball, location: 2F
0-1: Foul Ball, location: 2F
0-2: Foul Ball, location: 2F
0-2: Ball
1-2: Foul Ball, location: 2F
1-2: Strikes out swinging passed ball, reaches first!
Batting: RHB Dave Bialobrzeski 0-0: Ground out 4-3 (Groundball, 4MD, EV 97.5 MPH)
Rick McGivney to second
Batting: LHB Cameron Kingery 0-0: Ball
1-0: Swinging Strike
1-1: Ball
Wild Pitch!
Rick McGivney to third
2-1: Ball
3-1: Foul Ball, location: 2F
3-2: Strikes out swinging
Batting: RHB Kaleb Gilchrist 0-0: Fly out, F4 (Line Drive, 4, EV 70.6 MPH)
Top of the 1st over - 0 runs, 0 hits, 0 errors, 1 left on base; Santa Monica 0 - Albany 0
BOTTOM OF THE 1ST
Albany Chiefs batting - Pitching for Santa Monica Tropical Fish : LHP Erick Vanover
Pitching: LHP Erick Vanover
Batting: RHB John Tindal 0-0: Ball
1-0: Foul Ball, location: 2F
1-1: Foul Ball, location: 2F
1-2: Strikes out swinging
Batting: RHB Justin Taulbee 0-0: Called Strike
0-1: Ball
1-1: Ball
2-1: Foul Ball, location: 2F
2-2: Foul Ball, location: 2F
2-2: Strikes out swinging
Batting: LHB Earl Washington 0-0: SINGLE (Groundball, 6MD, EV 96.9 MPH)
Batting: RHB Zachery Alexander 0-0: Ball
1-0: Called Strike
1-1: Ball
2-1: Ball
3-1: Called Strike
3-2: Base on Balls
Earl Washington to second
Batting: SHB Wyatt Tannenbaum 0-0: Ball
1-0: Foul Ball, location: 2F
1-1: Fly out, F8 (Flyball, 8RS, EV 80.0 MPH)
Bottom of the 1st over - 0 runs, 1 hit, 0 errors, 2 left on base; Santa Monica 0 - Albany 0
TOP OF THE 2ND
Santa Monica Tropical Fish batting - Pitching for Albany Chiefs : LHP James Churchill
Batting: LHB Oscar Rhinehardt 0-0: Ball
1-0: Called Strike
1-1: Ball
2-1: Called Strike
2-2: Foul Ball, location: 2F
2-2: Foul Ball, location: 2F
2-2: Foul Ball, location: 2F
2-2: Ball
3-2: Fly out, F5 (Popup, 5SF, EV 76.9 MPH)
Batting: RHB Karter McClatchie 0-0: Ball
1-0: Called Strike
1-1: Ball
2-1: Ground out U3 (Groundball, 3, EV 78.8 MPH)
Batting: LHB Devin Vandiver 0-0: Called Strike
0-1: Swinging Strike
0-2: Strikes out looking
Top of the 2nd over - 0 runs, 0 hits, 0 errors, 0 left on base; Santa Monica 0 - Albany 0
BOTTOM OF THE 2ND
Albany Chiefs batting - Pitching for Santa Monica Tropical Fish : LHP Erick Vanover
Batting: RHB Cole Gregston 0-0: Ball
1-0: Called Strike
1-1: Foul Ball, location: 2F
1-2: Strikes out swinging
Batting: LHB Adrian Gordon 0-0: Called Strike
0-1: Ball
1-1: SOLO HOME RUN (Flyball, 7D, EV 109.4 MPH), Distance : 422 ft
Batting: RHB Eli Silvis 0-0: Ball
1-0: Called Strike
1-1: SINGLE (Groundball, 6MD, EV 102.5 MPH)
Batting: SHB Drake Monroe 0-0: Ball
1-0: Grounds into double play, 3-6-3 (Groundball, 3, EV 101.9 MPH)
Bottom of the 2nd over - 1 run, 2 hits, 0 errors, 0 left on base; Santa Monica 0 - Albany 1
TOP OF THE 3RD
Santa Monica Tropical Fish batting - Pitching for Albany Chiefs : LHP James Churchill
Batting: RHB Dakarai Scarbrough 0-0: Foul Ball, location: 2F
0-1: Swinging Strike
0-2: Strikes out swinging
Batting: SHB Porter Connor 0-0: Fly out, F8 (Flyball, 8LM, EV 92.5 MPH)
Batting: RHB Rick McGivney 0-0: Ball
1-0: Foul Ball, location: 2F
1-1: Ground out 6-3 (Groundball, 6, EV 87.5 MPH)
Top of the 3rd over - 0 runs, 0 hits, 0 errors, 0 left on base; Santa Monica 0 - Albany 1
BOTTOM OF THE 3RD
Albany Chiefs batting - Pitching for Santa Monica Tropical Fish : LHP Erick Vanover
Batting: RHB John Tindal 0-0: Ball
1-0: Ball
2-0: Foul Ball, location: 2F
2-1: Swinging Strike
2-2: Foul Ball, location: 2F
2-2: Strikes out swinging
Batting: RHB Justin Taulbee 0-0: Ball
1-0: Reached on error, E6 (Groundball, 6, EV 84.4 MPH)
Batting: LHB Earl Washington 0-0: Foul Ball, location: 2F
0-1: Foul Ball, location: 2F
0-2: Ball
1-2: Foul Ball, location: 2F
1-2: SINGLE (Line Drive, 9S, EV 93.8 MPH)
Justin Taulbee to third
Runner from 3rd tries for Home, SAFE, throw by RF to home
Batting: RHB Zachery Alexander 0-0: Ball
1-0: SINGLE (Groundball, 6D, EV 97.5 MPH)
Earl Washington to second
Batting: SHB Wyatt Tannenbaum 0-0: DOUBLE (Line Drive, 9D, EV 106.9 MPH)
Earl Washington scores
Zachery Alexander to third
Batting: RHB Cole Gregston 0-0: Ball
1-0: Fly out, F8 (Line Drive, 8RM, EV 90.0 MPH)
Runner from 3rd tags up, OUT at HOME! 8-2
Bottom of the 3rd over - 2 runs, 3 hits, 1 error, 1 left on base; Santa Monica 0 - Albany 3
TOP OF THE 4TH
Santa Monica Tropical Fish batting - Pitching for Albany Chiefs : LHP James Churchill
Batting: RHB Dave Bialobrzeski 0-0: Called Strike
0-1: Ball
1-1: Foul Ball, location: 2F
1-2: Strikes out swinging
Batting: LHB Cameron Kingery 0-0: Ball
1-0: Ball
2-0: Called Strike
2-1: DOUBLE (Groundball, 3L, EV 100.0 MPH)
Batting: RHB Kaleb Gilchrist 0-0: Swinging Strike
0-1: Ball
1-1: Swinging Strike
1-2: Ground out 5-3 (Groundball, 5, EV 105.0 MPH)
Batting: LHB Oscar Rhinehardt 0-0: Ball
Wild Pitch!
Cameron Kingery to third
1-0: Ball
2-0: Foul Ball, location: 2F
2-1: Foul Ball, location: 2F
2-2: Strikes out swinging
Top of the 4th over - 0 runs, 1 hit, 0 errors, 1 left on base; Santa Monica 0 - Albany 3
BOTTOM OF THE 4TH
Albany Chiefs batting - Pitching for Santa Monica Tropical Fish : LHP Erick Vanover
Batting: LHB Adrian Gordon 0-0: Swinging Strike
0-1: Ball
1-1: Called Strike
1-2: Strikes out swinging
Batting: RHB Eli Silvis 0-0: Fly out, F2 (Popup, 2L, EV 88.1 MPH)
Batting: SHB Drake Monroe 0-0: Called Strike
0-1: Ball
1-1: SINGLE (Groundball, 25, EV 58.8 MPH) (infield hit)
Batting: RHB John Tindal 0-0: Ball
1-0: Ball
2-0: Called Strike
2-1: Fly out, F8 (Flyball, 8LM, EV 75.6 MPH)
Bottom of the 4th over - 0 runs, 1 hit, 0 errors, 1 left on base; Santa Monica 0 - Albany 3
TOP OF THE 5TH
Santa Monica Tropical Fish batting - Pitching for Albany Chiefs : LHP James Churchill
Batting: RHB Karter McClatchie 0-0: Called Strike
0-1: Swinging Strike
0-2: Ground out 5-3 (Groundball, 56, EV 104.4 MPH)
Batting: LHB Devin Vandiver 0-0: Ball
1-0: Ball
2-0: Ground out 6-3 (Groundball, P, EV 86.2 MPH)
Batting: RHB Dakarai Scarbrough 0-0: Ball
1-0: Ball
2-0: Ball
3-0: Base on Balls
Batting: SHB Porter Connor 0-0: Ball
1-0: Called Strike
1-1: Swinging Strike
1-2: Strikes out swinging
Top of the 5th over - 0 runs, 0 hits, 0 errors, 1 left on base; Santa Monica 0 - Albany 3
BOTTOM OF THE 5TH
Albany Chiefs batting - Pitching for Santa Monica Tropical Fish : LHP Erick Vanover
Batting: RHB Justin Taulbee 0-0: Fly out, F8 (Flyball, 8RM, EV 83.8 MPH)
Batting: LHB Earl Washington 0-0: Foul Ball, location: 2F
0-1: SINGLE (Groundball, 56D, EV 101.9 MPH)
Batting: RHB Zachery Alexander 0-0: Ball
1-0: Ball
2-0: Ball
3-0: Base on Balls
Earl Washington to second
Batting: SHB Wyatt Tannenbaum 0-0: Ball
1-0: Called Strike
1-1: Foul Ball, location: 2F
1-2: Ball
2-2: Foul Ball, location: 2F
2-2: Strikes out looking
Batting: RHB Cole Gregston 0-0: SINGLE (Line Drive, 78M, EV 105.6 MPH)
Earl Washington to third
Zachery Alexander to second
Batting: LHB Adrian Gordon 0-0: Ground out 4-3 (Groundball, 4S, EV 63.8 MPH)
Bottom of the 5th over - 0 runs, 2 hits, 0 errors, 3 left on base; Santa Monica 0 - Albany 3
TOP OF THE 6TH
Santa Monica Tropical Fish batting - Pitching for Albany Chiefs : LHP James Churchill
Batting: RHB Rick McGivney 0-0: Ball
1-0: Ball
2-0: Ball
3-0: Called Strike
3-1: Base on Balls
Batting: RHB Dave Bialobrzeski 0-0: Ball
1-0: Swinging Strike
1-1: 2-RUN HOME RUN (Flyball, 9D, EV 102.5 MPH), Distance : 375 ft
Batting: LHB Cameron Kingery 0-0: SOLO HOME RUN (Line Drive, 9D, EV 100.6 MPH), Distance : 394 ft
Batting: RHB Kaleb Gilchrist 0-0: Foul Ball, location: 2F
0-1: DOUBLE (Line Drive, 78D, EV 108.1 MPH)
Batting: LHB Oscar Rhinehardt 0-0: Intentional Walk
Batting: RHB Karter McClatchie 0-0: Ball
1-0: Ball
2-0: Foul Ball, location: 2F
2-1: SINGLE (Groundball, 56D, EV 95.6 MPH)
Kaleb Gilchrist to third
Oscar Rhinehardt to second
Batting: LHB Devin Vandiver 0-0: Called Strike
0-1: SINGLE (Line Drive, 9LS, EV 108.8 MPH)
Kaleb Gilchrist scores
Oscar Rhinehardt to third
Karter McClatchie to second
Batting: RHB Dakarai Scarbrough 0-0: Swinging Strike
0-1: Ball
1-1: Called Strike
1-2: Ball
2-2: Foul Ball, location: 2F
2-2: Ball
3-2: Strikes out swinging
Batting: SHB Porter Connor 0-0: Hit by Pitch
Oscar Rhinehardt scores
Karter McClatchie to third
Devin Vandiver to second
Pitching: LHP Xavier Schoen
Batting: RHB Rick McGivney 0-0: Foul Ball, location: 2F
0-1: Swinging Strike
0-2: Ball
1-2: Ball
2-2: Fly out, F8 (Flyball, 8RM, EV 91.9 MPH)
Runner from 3rd tags up, SCORES, throw by CF
Batting: RHB Dave Bialobrzeski 0-0: Called Strike
0-1: Ball
1-1: Fly out, F7 (Flyball, 7D, EV 98.8 MPH)
Top of the 6th over - 6 runs, 5 hits, 0 errors, 2 left on base; Santa Monica 6 - Albany 3
BOTTOM OF THE 6TH
Albany Chiefs batting - Pitching for Santa Monica Tropical Fish : LHP Erick Vanover
Batting: RHB Eli Silvis 0-0: Called Strike
0-1: Ball
1-1: Ball
2-1: Ball
3-1: Called Strike
3-2: Strikes out swinging
Batting: SHB Drake Monroe 0-0: Ball
1-0: Ball
2-0: Foul Ball, location: 2F
2-1: Called Strike
2-2: Strikes out swinging
Batting: RHB John Tindal 0-0: Ball
1-0: Swinging Strike
1-1: SINGLE (Groundball, 34D, EV 99.4 MPH)
Batting: RHB Justin Taulbee 0-0: Ball
1-0: SINGLE (Line Drive, 4D, EV 106.9 MPH)
John Tindal to second
Batting: LHB Earl Washington 0-0: Foul Ball, location: 2F
0-1: Ball
1-1: Swinging Strike
1-2: Ball
2-2: Ball
3-2: Strikes out swinging
Bottom of the 6th over - 0 runs, 2 hits, 0 errors, 2 left on base; Santa Monica 6 - Albany 3
TOP OF THE 7TH
Santa Monica Tropical Fish batting - Pitching for Albany Chiefs : LHP Xavier Schoen
Batting: LHB Cameron Kingery 0-0: Swinging Strike
0-1: Ball
1-1: Swinging Strike
1-2: Ball
2-2: Ball
3-2: Strikes out swinging
Batting: RHB Kaleb Gilchrist 0-0: Ball
1-0: Ball
2-0: Fly out, F9 (Flyball, 89S, EV 83.8 MPH)
Batting: LHB Oscar Rhinehardt 0-0: Ball
1-0: Foul Ball, location: 2F
1-1: Ground out 3-1 (Groundball, 34, EV 90.6 MPH)
Top of the 7th over - 0 runs, 0 hits, 0 errors, 0 left on base; Santa Monica 6 - Albany 3
BOTTOM OF THE 7TH
Albany Chiefs batting - Pitching for Santa Monica Tropical Fish : LHP Erick Vanover
Batting: RHB Zachery Alexander 0-0: Ball
1-0: Foul Ball, location: 2F
1-1: Swinging Strike
1-2: SINGLE (Groundball, 6MD, EV 100.0 MPH)
Batting: SHB Wyatt Tannenbaum 0-0: Called Strike
0-1: Foul Ball, location: 2F
0-2: Ball
1-2: Fly out, F8 (Flyball, 8RM, EV 90.0 MPH)
Pitching: LHP Trejean Charrier
Batting: RHB Cole Gregston 0-0: Ball
1-0: Ball
2-0: Called Strike
2-1: Foul Ball, location: 2F
2-2: Foul Ball, location: 2F
2-2: Ball
3-2: Base on Balls
Zachery Alexander to second
Batting: LHB Adrian Gordon 0-0: Foul Ball, location: 2F
0-1: Ball
1-1: Swinging Strike
1-2: Strikes out swinging
Batting: RHB Eli Silvis 0-0: Fly out, F7 (Flyball, 7D, EV 101.2 MPH)
Bottom of the 7th over - 0 runs, 1 hit, 0 errors, 2 left on base; Santa Monica 6 - Albany 3
TOP OF THE 8TH
Santa Monica Tropical Fish batting - Pitching for Albany Chiefs : LHP Xavier Schoen
Batting: RHB Karter McClatchie 0-0: Ball
1-0: Ball
2-0: Swinging Strike
2-1: Foul Ball, location: 2F
2-2: Strikes out swinging
Batting: LHB Devin Vandiver 0-0: Ball
1-0: Ball
2-0: Swinging Strike
2-1: Ball
3-1: Foul Ball, location: 2F
3-2: Ground out 2-3 (Groundball, 2L, EV 70.6 MPH)
Batting: RHB Dakarai Scarbrough 0-0: Ball
1-0: Ball
2-0: Swinging Strike
2-1: Foul Ball, location: 2F
2-2: Ball
3-2: Strikes out swinging
Top of the 8th over - 0 runs, 0 hits, 0 errors, 0 left on base; Santa Monica 6 - Albany 3
BOTTOM OF THE 8TH
Albany Chiefs batting - Pitching for Santa Monica Tropical Fish : LHP Trejean Charrier
Batting: SHB Drake Monroe 0-0: Ball
1-0: Foul Ball, location: 2F
1-1: Called Strike
1-2: Foul Ball, location: 2F
1-2: Strikes out swinging
Batting: RHB John Tindal 0-0: Foul Ball, location: 2F
0-1: Foul Ball, location: 2F
0-2: Strikes out swinging
Batting: RHB Justin Taulbee 0-0: Ball
1-0: Ball
2-0: Swinging Strike
2-1: Ball
3-1: Base on Balls
Batting: LHB Earl Washington 0-0: Ball
1-0: Ball
2-0: Swinging Strike
2-1: Foul Ball, location: 2F
2-2: Strikes out swinging
Bottom of the 8th over - 0 runs, 0 hits, 0 errors, 1 left on base; Santa Monica 6 - Albany 3
TOP OF THE 9TH
Santa Monica Tropical Fish batting - Pitching for Albany Chiefs : LHP Xavier Schoen
Pitching: RHP Mason Kucharczyk
Batting: SHB Porter Connor 0-0: Called Strike
0-1: Swinging Strike
0-2: Strikes out swinging
Batting: RHB Rick McGivney 0-0: Fly out, F4 (Line Drive, 4M, EV 66.9 MPH)
Batting: RHB Dave Bialobrzeski 0-0: Ground out 4-3 (Groundball, 4, EV 99.4 MPH)
Top of the 9th over - 0 runs, 0 hits, 0 errors, 0 left on base; Santa Monica 6 - Albany 3
BOTTOM OF THE 9TH
Albany Chiefs batting - Pitching for Santa Monica Tropical Fish : LHP Trejean Charrier
Pitching: LHP Brice Nordahl
Batting: RHB Zachery Alexander 0-0: Ball
1-0: Ball
2-0: Ground out 6-3 (Groundball, 6, EV 83.8 MPH)
Batting: SHB Wyatt Tannenbaum 0-0: Fly out, F8 (Flyball, 8LD, EV 75.0 MPH)
Batting: RHB Cole Gregston 0-0: Called Strike
0-1: Ball
1-1: Called Strike
1-2: Strikes out swinging
Bottom of the 9th over - 0 runs, 0 hits, 0 errors, 0 left on base; Santa Monica 6 - Albany 3
Wednesday, November 20th , 2024 - OOTP Baseball 23.10 Build 110